 Dungeon Crawl Stone Soup version 0.29.1-1-gd02db6906a (webtiles) character file.

Game seed: 10596842213514486868

110 Doomgape the Cudgeller (level 4, -5/38 HPs)
             Began as a Ghoul Fighter on Sept 17, 2022.
             Was an Initiate of Okawaru.
             Slain by an ogre
             ... wielding a +0 giant club
              (13 damage)
             ... on level 3 of the Dungeon.
             The game lasted 00:04:20 (2694 turns).

Doomgape the Cudgeller (Ghoul Fighter)              Turns: 2694, Time: 00:04:21

Health: -5/38      AC:  6    Str: 21    XL:     4   Next: 91%
Magic:  3/3        EV:  9    Int:  3    God:    Okawaru [......]
Gold:   81         SH:  5    Dex:  8    Spells: 3/3 levels left

rFire   . . .      SeeInvis .   a - +0 flail (venom)
rCold   + . .      Faith    .   c - +1 buckler
rNeg    + + +      Spirit   .   b - +0 scale mail
rPois   ∞          Reflect  .   (no helmet)
rElec   .          Harm     .   (no cloak)
rCorr   .          Rampage  .   (no gloves)
Will    .....                   (no boots)
Stlth   ..........              (no amulet)
HPRegen 0.00/turn               (no ring)
MPRegen 0.08/turn               (no ring)

@: inhibited regen
A: claws 1, cold resistance 1, negative energy resistance 3, inhibited
regeneration, torment resistance 2, devour on kill
a: Renounce Religion


You were on level 3 of the Dungeon.
You worshipped Okawaru.
Okawaru was noncommittal.
You visited 1 branch of the dungeon, and saw 3 of its levels.

You collected 81 gold pieces.

Inventory:

Hand Weapons
 a - a +0 flail of venom (weapon)
Missiles
 m - 2 javelins (quivered)
Armour
 b - a +0 scale mail (worn)
 c - a +1 buckler (worn)
Wands
 k - a wand of flame (14)
 n - a wand of quicksilver (1)
Scrolls
 l - a scroll of teleportation
Potions
 d - 2 potions of might
 g - a potion of attraction {unknown}
 h - a potion of lignification {unknown}
 i - 4 potions of curing {unknown}


   Skills:
 - Level 3.2 Fighting
 + Level 4.4 Maces & Flails
 - Level 2.6 Armour
 - Level 2.6 Shields


You had 3 spell levels left.
You didn't know any spells.
Your spell library was empty.

Dungeon Overview and Level Annotations

Branches:
Dungeon (3/15)

Altars:
Okawaru


Innate Abilities, Weirdness & Mutations

You are immune to poison.
You have sharp fingernails.
Your flesh is cold resistant. (rC+)
You are immune to negative energy. (rN+++)
You do not regenerate when monsters are visible.
You are immune to unholy pain and torment.
You thrive by killing the living.


Message History

Okawaru accepts your kill.
No target in view!
No target in view!
As you read the scroll labelled RIW AP HOJAEG, it crumbles to dust.
It is a scroll of enchant armour.
Your +0 buckler glows green for a moment.
A hobgoblin comes into view.
The hobgoblin shouts!
You hear a shout!
A hobgoblin is nearby!
Found a black potion.
A goblin comes into view. It is wielding a +0 dagger.
An ogre comes into view. It is wielding a +0 giant club.
Found a stone staircase leading down.
The ogre shouts!
The hobgoblin hits you but does no damage.
You sock the hobgoblin!
You kill the hobgoblin!
Okawaru accepts your kill. The goblin hits you with a +0 dagger.
You closely miss the goblin. The goblin hits you but does no damage.
You hit the goblin.
The goblin is poisoned.
The goblin is severely wounded.
You block the goblin's attack.
You thump the goblin!
You kill the goblin!
Okawaru accepts your kill.
You feel better. You block the ogre's attack.
You sock the ogre!
The ogre is poisoned.
The ogre is moderately wounded.
You hit the ogre.
The ogre looks as sick as possible!
The ogre is moderately wounded.
The ogre closely misses you.
You barely miss the ogre.
The ogre is heavily wounded.
The ogre hits you with a +0 giant club!!
Ouch! That really hurt!
* * * LOW HITPOINT WARNING * * *
You are too injured to fight recklessly!
The ogre attacks as you move away! The ogre hits you with a +0 giant club!
You die...

#.## #. ... ###.### ..
#.# ##...... ... ..#
##......####. ..
.#####........... .# #
...##.........(# #.# .#
....#..........###..#.##
##......................
#..............@..#.
##..............O.##
..............###[)......
†....)...................
.##............#####.....
.##.............# .!...
................# ....
..#.............# .>.
.##.............# ###


You could see an ogre (extremely poisoned).

Vanquished Creatures
  An orc wizard (D:3)
  An adder (D:3)
  A worm (D:2)
  2 dart slugs
  2 orcs (D:3)
  6 endoplasms
  3 giant cockroaches
  3 goblins
  6 hobgoblins
  4 jackals (D:2)
  8 kobolds
  6 quokkas
  9 ball pythons
  4 bats
  4 frilled lizards
  4 rats
64 creatures vanquished.

Notes
Turn   | Place    | Note
-------+----------+-------------------------------------------
     0 | D:1      | Doomgape the Ghoul Fighter began the quest for the Orb.
     0 | D:1      | Reached XP level 1. HP: 19/19 MP: 0/0
    18 | D:1      | Reached skill level 2 in Maces & Flails
   247 | D:1      | Reached XP level 2. HP: 26/26 MP: 1/1
   717 | D:1      | Reached skill level 3 in Maces & Flails
   799 | D:1      | Reached XP level 3. HP: 31/31 MP: 2/2
  2201 | D:2      | Found an iron altar of Okawaru.
  2217 | D:2      | Became a worshipper of Warmaster Okawaru
  2229 | D:2      | Reached XP level 4. HP: 38/38 MP: 3/3
  2414 | D:3      | Reached skill level 4 in Maces & Flails
  2684 | D:3      | Noticed an ogre
  2694 | D:3      | Slain by an ogre

Illustrated notes

Levels and vault maps discovered:
D:1:      eino_arrival_tree_alley, layout_basic, serial_glass, glass_columns_a,
          glass_columns_b, glass_columns_a, glass_columns_b, glass_columns_a,
          glass_columns_c, glass_columns_a, glass_columns_b, glass_columns_c,
          glass_columns_a, glass_columns_c, glass_columns_b, glass_columns_c,
          glass_columns_c, minmay_small_reverse_x
D:2:      layout_loops_corners, basic_altar
D:3:      layout_rooms, shapermc_ecumenical_altar_ellora

Skill      XL: |  1  2  3  4 |
---------------+-------------+-----
Maces & Flails | 2 3 4 |  4.4
Fighting       | |  3.2
Armour         | |  2.6
Shields        | |  2.6

Action                   |  1- 3 |  4- 6 || total
-------------------------+-------+-------++-------
Melee: Flail             |   174 |    16 ||   190
       Whip              |       |    38 ||    38
  Use: Scroll            |    10 |     2 ||    12
       Potion            |       |     1 ||     1
Armor: Scale mail        |    86 |    26 ||   112
Dodge: Dodged            |    87 |    22 ||   109
Block: Buckler           |    34 |    10 ||    44
